 Dungeon Crawl Stone Soup version 0.27.1 (webtiles) character file.

Game seed: 7831963820716799923

28 Descartes the Sneak (level 2, -1/14 HPs)
             Began as a Felid Delver on Aug 25, 2021.
             Slain by Purgy (7 damage)
             ... in a sewer.
             The game lasted 00:01:53 (376 turns).

Descartes the Sneak (Felid Delver)                   Turns: 376, Time: 00:01:54

Health: -1/14      AC:  1    Str:  8    XL:     2   Next: 96%
Magic:  3/3        EV: 14    Int: 11    God:
Gold:   25         SH:  0    Dex: 17    Spells: 1/1 levels left
                                        Lives:  0   Deaths: 0

rFire    . . .     SeeInvis +     - Unarmed
rCold    . . .     Faith    .   (shield unavailable)
rNeg     . . .     Spirit   .   (armour unavailable)
rPois    .         Reflect  .   (helmet unavailable)
rElec    .         Harm     .   (cloak unavailable)
rCorr    .         Rampage  .   (gloves unavailable)
Will     .....                  (boots unavailable)
Stlth    ++........             (no amulet)
HPRegen  0.04/turn              (no ring)
MPRegen  0.08/turn              (no ring)

@: hasted, constricted, quick
A: very small, claws 1, fangs 3, see invisible, speed 1, shaggy fur 1, stealthy
paws, no weapons or thrown items, no armour, multi-lived
a: no special abilities


You were in a sewer.
You visited 1 branch of the dungeon, and saw 2 of its levels.
You also visited: Sewer.

You collected 25 gold pieces.

Inventory:

Wands
 e - a wand of digging (3)
Scrolls
 a - a scroll of fog
 c - a scroll of fear
 f - a scroll of teleportation {unknown}
 g - a scroll of enchant armour {unknown}
Potions
 b - 2 potions of might {unknown}
 h - 2 potions of mutation {unknown}


   Skills:
 - Level 3.0 Fighting
 - Level 2.6 Dodging
 + Level 7.9 Stealth
 - Level 2.0 Unarmed Combat


You had one spell level left.
You didn't know any spells.
Your spell library contained the following spells:

 Spells                   Type           Power      Damage    Failure   Level
 Beastly Appendage        Tmut           0%         N/A       34%         1
 Wereblood                Tmut           0%         N/A       47%         2
 Spider Form              Tmut/Pois      0%         N/A       71%         3


Dungeon Overview and Level Annotations

Branches:
Dungeon (5/15)              Sewer (1/1)
 Temple: D:4-7

Altars:

Annotations:
D:5 exclusion: adder Sewer Purgy


Innate Abilities, Weirdness & Mutations

You have sharp claws.
You have razor-sharp teeth.
You have supernaturally acute eyesight. (SInv)
You cover ground quickly. (Speed+)
You are covered in fur. (AC +1)
Your paws help you pounce on unaware monsters.
You are incapable of wielding weapons or throwing items.
You cannot wear armour.
You gain extra lives every three experience levels.


Message History

You scratch the frilled lizard but do no damage.
The frilled lizard misses you.
You closely miss the frilled lizard. Your bite misses the frilled lizard.
The frilled lizard bites you.
You scratch the ball python.
You kill the ball python!
The frilled lizard bites you.
You miss the frilled lizard. The frilled lizard bites you.
You scratch the frilled lizard.
You kill the frilled lizard!
No target in view!
HP restored.
You enter the shallow water.
Moving in this stuff is going to be slow.
You see here a ball python corpse.
You enter the shallow water.
Moving in this stuff is going to be slow.
You enter the shallow water.
Moving in this stuff is going to be slow.
Purgy the Meek comes into view.
You feel yourself speed up.
You enter the shallow water.
Moving in this stuff is going to be slow.
A ball python comes into view.
The ball python hisses angrily.
Purgy shouts!
You scratch Purgy. You bite Purgy, but do no damage.
Purgy is lightly wounded.
The ball python misses you. x2
A ball python comes into view.
Your unstable footing causes you to fumble your attack.
The ball python bites you. The ball python grabs you.
The ball python constricts you. Purgy bites you but does no damage.
Purgy claws you. x2
You scratch Purgy but do no damage. Your bite misses Purgy.
Purgy is lightly wounded.
The ball python closely misses you. The ball python constricts you.
Purgy bites you!
Ouch! That really hurt!
You die...

.≈≈≈≈≈≈≈≈#≈#
#≈≈≈≈≈≈≈≈≈≈≈
≈≈≈S≈≈≈≈≈≈≈≈
#≈≈≈≈≈≈≈≈≈≈#
≈≈≈≈≈≈≈≈≈≈#
#≈≈≈≈≈≈≈≈#
#T≈S≈≈≈≈≈##
##@≈≈≈≈≈≈≈#
#.≈≈≈≈≈≈≈≈≈
###≈≈≈≈≈≈≈≈
##.≈≈≈≈≈≈#
#.≈≈≈≈≈≈≈#
###≈≈≈≈≈≈##
#..≈≈≈≈≈≈≈#
###.≈≈≈≈≈≈≈≈#
#.≈.≈≈≈≈≈≈≈≈#


You could see Purgy and 2 ball pythons.

Vanquished Creatures
  An adder (D:4)
  A river rat (D:4)
  A worm (D:4)
  A ball python (Sewer)
  An endoplasm (D:4)
  A quokka (D:4)
  A frilled lizard (Sewer)
  A rat (D:4)
8 creatures vanquished.

Notes
Turn   | Place    | Note
-------+----------+-------------------------------------------
     0 | D:5      | Descartes the Felid Delver began the quest for the Orb.
     0 | D:5      | Reached XP level 1. HP: 10/10 MP: 2/2
    90 | D:5      | Noticed a black bear
   133 | D:4      | Noticed a hound
   133 | D:4      | Noticed an iguana
   186 | D:4      | Reached skill level 7 in Stealth
   186 | D:4      | Reached XP level 2. HP: 14/14 MP: 3/3
   231 | D:4      | Found a glowing drain.
   235 | Sewer    | Entered a sewer
   367 | Sewer    | Noticed Purgy
   376 | Sewer    | Slain by Purgy

Illustrated notes

Levels and vault maps discovered:
D:4:      layout_rooms, gup_sewer_entry_spiral, serial_shops, shop
D:5:      layout_loops_ring, minmay_temple_entry_waves, uniq_eustachio
Sewer:    sewer_co_purgy_island

Skill      XL: |  1 |
---------------+----+-----
Stealth        | 7 |  7.9
Fighting       | |  3.0
Dodging        | |  2.6
Unarmed Combat | |  2.0

Action                   || total
-------------------------++-------
Melee: Unarmed           ||    22
       Bite              ||     1
  Use: Scroll            ||     1
       Potion            ||     1
 Stab: Sleeping          ||     4
Armor: Skin              ||     2
Dodge: Dodged            ||    10
